 Dungeon Crawl Stone Soup version 0.31-a0-149-g3fdcc5976a (webtiles) character file.

Game seed: 14430127436795247224

261 jasper the Geomancer (level 6, -4/32 HPs)
             Began as a Gargoyle Earth Elementalist on June 7, 2023.
             Was a Believer of Cheibriados.
             Slain by Edmund
             ... wielding a +3 flail of pain
              (7 damage)
             ... on level 4 of the Dungeon.
             The game lasted 00:04:42 (3580 turns).

jasper the Geomancer (Gargoyle Earth Elementalist)  Turns: 3580, Time: 00:04:43

Health: -4/32      AC: 10    Str: 16    XL:     6   Next: 18%
Magic:  1/9        EV: 11    Int: 21    God:    Cheibriados [**....]
Gold:   147        SH:  0    Dex: 14    Spells: 3/9 levels left

rFire   . . .        f - +1 hand axe (flame)
rCold   + . .        (no shield)
rNeg    + . .        o - +2 leather armour {Will+}
rPois   ∞            e - +0 helmet
rElec   +            (no cloak)
rCorr   .            (no gloves)
SInv    .            (no boots)
Will    +....        (no amulet)
Stlth   ++           g - ring of protection from cold
HPRegen 0.25/turn    (no ring)
MPRegen 0.11/turn

%: no passive effects
@: very slow
A: sickness immunity, AC +4, negative energy resistance 1, electricity
resistance, torment resistance 1, petrification resistance
a: Renounce Religion, Bend Time


You were on level 4 of the Dungeon.
You worshipped Cheibriados.
Cheibriados was pleased with you.
You visited 1 branch of the dungeon, and saw 4 of its levels.

You collected 147 gold pieces.

Inventory:

Hand Weapons
 c - a +0 spear
 f - a +1 hand axe of flaming (weapon)
 r - a +2 mace of holy wrath
Missiles
 q - 2 javelins
Armour
 a - a +0 robe
 e - a +0 helmet (worn)
 h - a scarf of harm
 n - a +0 ring mail
 o - a +2 leather armour of willpower (worn)
 v - a +0 ring mail of willpower
Jewellery
 g - a ring of protection from cold (left hand)
 u - a ring of positive energy
Wands
 s - a wand of digging (4)
Potions
 b - 2 potions of magic
 d - a potion of lignification
 k - 2 potions of curing
 p - 2 potions of brilliance
 t - a potion of haste
 w - a potion of attraction {unknown}


   Skills:
 - Level 1.5 Dodging
 - Level 2.1 Stealth
 - Level 2.0 Spellcasting
 - Level 0.7 Transmutations
 + Level 8.1 Earth Magic


You had 3 spell levels left.
You knew the following spells:

 Your Spells              Type           Power      Damage    Failure   Level
a - Sandblast             Erth           72%        2d16      1%          1
b - Passwall              Tmut/Erth      16%        N/A       4%          2
c - Stone Arrow           Conj/Erth      38%        3d9       11%         3

Your spell library contained the following spells:

 Spells                   Type           Power      Damage    Failure   Level
 Petrify                  Tmut/Erth      20%        N/A       28%         4


Dungeon Overview and Level Annotations

Branches:
Dungeon (4/15)
 Temple: D:4-7

Altars:
Cheibriados
Ru

Annotations:
D:2 1 runed translucent door, Crazy Yiuf
D:4 Edmund


Innate Abilities, Weirdness & Mutations

You are immune to sickness and miasma.
Your stone body is resilient. (AC +4)
You are immune to poison.
You resist negative energy. (rN+)
You are resistant to electric shocks. (rElec)
You are resistant to unholy torment.
You are immune to petrification.


Message History

The blast of sand hits Edmund but does no damage.
Edmund is moderately wounded.
Edmund hits you but does no damage.
You writhe in agony.
You take 1 damage, and have 26/32 hp.
You now have 5/9 mp.
Aiming: Sandblast (safe; 1% risk of failure)
Press: ? - help, Q - select action, (/) - cycle Shift-Dir - straight line, f/p - Edmund
Aim: Edmund, wielding a +3 flail of pain and wearing a +0 chain mail (moderately wounded, 88% to hit)
The blast of sand hits Edmund.
Edmund is moderately wounded.
Edmund hits you with a +3 flail of pain. x2
You take 4 damage, and have 22/32 hp.
You now have 4/9 mp.
Aiming: Sandblast (safe; 1% risk of failure)
Press: ? - help, Q - select action, (/) - cycle Shift-Dir - straight line, f/p - Edmund
Aim: Edmund, wielding a +3 flail of pain and wearing a +0 chain mail (moderately wounded, 88% to hit)
The blast of sand hits Edmund.
Edmund is moderately wounded.
Edmund barely misses you.
Aiming: Sandblast (safe; 1% risk of failure)
Press: ? - help, Q - select action, (/) - cycle Shift-Dir - straight line, f/p - Edmund
Aim: Edmund, wielding a +3 flail of pain and wearing a +0 chain mail (moderately wounded, 88% to hit)
The blast of sand hits Edmund!
Edmund is heavily wounded.
Edmund hits you but does no damage. x2; You writhe in agony.
You take 1 damage, and have 21/32 hp.
You now have 3/9 mp.
Aiming: Sandblast (safe; 1% risk of failure)
Press: ? - help, Q - select action, (/) - cycle Shift-Dir - straight line, f/p - Edmund
Aim: Edmund, wielding a +3 flail of pain and wearing a +0 chain mail (heavily wounded, 88% to hit)
The blast of sand hits Edmund but does no damage.
Edmund is heavily wounded.
Edmund hits you with a +3 flail of pain!
You take 7 damage, and have 14/32 hp.
MASSIVE DAMAGE!!
You now have 2/9 mp.
Aiming: Sandblast (safe; 1% risk of failure)
Press: ? - help, Q - select action, (/) - cycle Shift-Dir - straight line, f/p - Edmund
Aim: Edmund, wielding a +3 flail of pain and wearing a +0 chain mail (heavily wounded, 88% to hit)
The blast of sand hits Edmund!
Edmund is severely wounded.
Edmund hits you with a +3 flail of pain!
* * * LOW HITPOINT WARNING * * *
Edmund hits you with a +3 flail of pain!
You die...

## ..# #.# #.#
#.# . #.#
....####.########
......@@........#
....####.######.#
. #.#.#####.#
#.###......# ...
#...##..# #..
#.##.##..# #.. ##
#.##..# ..
#.##..# ##.
#.##..## #


You could see Edmund.

Vanquished Creatures
  A black bear (D:4)
  An iron imp (D:3)
  Jessica (D:3)
  5 adders
  A worm (D:2)
  2 dart slugs (D:3)
  10 endoplasms
  3 giant cockroaches
  4 goblins
  9 hobgoblins
  2 quokkas
  8 ball pythons
  11 bats
  5 frilled lizards
  3 kobolds
  4 rats
70 creatures vanquished.

Notes
Turn   | Place    | Note
-------+----------+-------------------------------------------
     0 | D:1      | jasper the Gargoyle Earth Elementalist began the quest for
                  | the Orb.
     0 | D:1      | Reached XP level 1. HP: 10/10 MP: 3/3
   199 | D:1      | Reached skill level 4 in Earth Magic
   334 | D:1      | Reached XP level 2. HP: 15/15 MP: 1/5
   337 | D:1      | Learned a level 2 spell: Passwall
  1161 | D:2      | Reached XP level 3. HP: 19/19 MP: 4/6
  1165 | D:2      | Learned a level 3 spell: Stone Arrow
  1191 | D:2      | Reached skill level 5 in Earth Magic
  1766 | D:2      | Found a faded altar of an unknown god.
  1771 | D:2      | Prayed at the altar of an unknown god.
  1771 | D:2      | Became a worshipper of Cheibriados the Contemplative
  1771 | D:2      | Reached * piety under Cheibriados
  1863 | D:2      | Found a runed translucent door.
  1864 | D:2      | Noticed Crazy Yiuf
  2178 | D:3      | Reached XP level 4. HP: 24/24 MP: 5/7
  2301 | D:3      | Found a snail-covered altar of Cheibriados.
  2306 | D:3      | Reached skill level 6 in Earth Magic
  2563 | D:3      | Found a sacrificial altar of Ru.
  2777 | D:3      | Noticed Jessica
  2778 | D:3      | Killed Jessica
  2779 | D:3      | Reached skill level 7 in Earth Magic
  2779 | D:3      | Reached XP level 5. HP: 28/28 MP: 6/8
  2850 | D:3      | Reached ** piety under Cheibriados
  3383 | D:4      | Noticed a black bear
  3394 | D:4      | Killed a black bear
  3395 | D:4      | Reached skill level 8 in Earth Magic
  3395 | D:4      | Reached XP level 6. HP: 31/32 MP: 5/9
  3570 | D:4      | Noticed Edmund
  3580 | D:4      | Slain by Edmund

Illustrated notes

Levels and vault maps discovered:
D:1:      dpeg_arrival_arbitrary_c, layout_basic
D:2:      layout_basic, ebering_ecumenical_altar_hall, uniq_crazy_yiuf_cottage
D:3:      layout_loops_corners, slow_altar_2, mainiacjoe_overflow_alcove_4,
          uniq_jessica
D:4:      layout_loops_ring, nicolae_wu_jian_immortal_techniques,
          minmay_temple_entry_fiery, serial_bayou, serial_bayou_ford_a,
          serial_bayou_shore_b, serial_bayou_shore_a, serial_bayou_lagoon_a,
          serial_bayou_pond_c, serial_bayou_crossing, uniq_eustachio,
          uniq_edmund

Skill      XL: |  1  2  3  4  5 |
---------------+----------------+-----
Earth Magic    | 4 5 7 8 |  8.1
Dodging        | |  1.5
Stealth        | |  2.1
Spellcasting   | |  2.0
Transmutations | |  0.7

Action                     |  1- 3 |  4- 6 || total
---------------------------+-------+-------++-------
  Melee: Spear             |     1 |       ||     1
   Cast: Sandblast         |    54 |    42 ||    96
    Use: Scroll            |     4 |     7 ||    11
 Armour: Robe              |     5 |       ||     5
         Leather armour    |       |     4 ||     4
  Dodge: Dodged            |     5 |     6 ||    11

Table legend: (Time is in decaauts)
 A = Elapsed time spent in this place.
 B = Non-inter-level travel time spent in this place.
 C = Inter-level travel time spent in this place.
 D = Time resting spent in this place.
 E = Time spent auto-exploring this place.
 F = Levels seen in this place.
 G = Mean time per level.
                   A        B        C        D        E       F      G
               +--------+--------+--------+--------+--------+-----+--------+
         Total |   4241 |   4110 |    131 |      3 |   3626 |   4 | 1060.2 |
       Dungeon |   4241 |   4110 |    131 |      3 |   3626 |   4 | 1060.2 |
               +--------+--------+--------+--------+--------+-----+--------+

Top non-repeatable levels by time:
     D:3: 1518 daAuts
     D:2: 1182 daAuts
     D:1: 1157 daAuts
     D:4: 383 daAuts
